TOP OF THE 1ST |
So Cal Henvy batting - Pitching for Irvine Gang Green : LHP Masutaro Koyama
|
Pitching: LHP Masutaro Koyama
|
|
Batting: SHB Miguel González
|
0-0: Ball 1-0: Swinging Strike 1-1: Swinging Strike 1-2: Ball 2-2: Strikes out looking
|
Batting: RHB Earl Wiggins
|
0-0: Ball 1-0: Ball 2-0: Foul Ball, location: 2F 2-1: SINGLE (Groundball, 34D)
|
Batting: LHB John Peterson
|
0-0: Swinging Strike 0-1: Ball 1-1: Called Strike 1-2: Strikes out looking
|
Batting: RHB Rubén Calderón
|
0-0: SINGLE (Flyball, 8LS) Earl Wiggins to second
|
Batting: LHB José Antonio Santiago
|
0-0: Called Strike 0-1: Ball 1-1: Foul Ball, location: 2F 1-2: Strikes out swinging
|
Top of the 1st over - 0 run(s), 2 hit(s), 0 error(s), 2 left on base; So Cal 0 - Irvine 0 |
BOTTOM OF THE 1ST |
Irvine Gang Green batting - Pitching for So Cal Henvy : LHP Stanley Inman
|
Pitching: LHP Stanley Inman
|
|
Batting: LHB Jesús Campos
|
0-0: Called Strike 0-1: Ball 1-1: Ground out 1-3 (Groundball, 13S)
|
Batting: RHB Buck Jones
|
0-0: Called Strike 0-1: Ball 1-1: Foul Ball, location: 2F 1-2: SINGLE (Groundball, 4MD)
|
Batting: LHB Víctor Quiñones
|
0-0: Ball 1-0: Ball 2-0: Called Strike 2-1: Grounds into double play, 3-6-4 (Groundball, 34)
|
Bottom of the 1st over - 0 run(s), 1 hit(s), 0 error(s), 0 left on base; So Cal 0 - Irvine 0 |
TOP OF THE 2ND |
So Cal Henvy batting - Pitching for Irvine Gang Green : LHP Masutaro Koyama
|
Batting: RHB Morgan Gibbon
|
0-0: Called Strike 0-1: Called Strike 0-2: Ball 1-2: Foul Ball, location: 2F 1-2: Ball 2-2: Ball 3-2: Strikes out looking
|
Batting: RHB Greg Handrahan
|
0-0: Foul Ball, location: 2F 0-1: Foul Ball, location: 2F 0-2: Strikes out swinging
|
Batting: RHB Edouard Padovano
|
0-0: Ball 1-0: Ball 2-0: Called Strike 2-1: Foul Ball, location: 2F 2-2: Ball 3-2: Foul Ball, location: 2F 3-2: Strikes out swinging
|
Top of the 2nd over - 0 run(s), 0 hit(s), 0 error(s), 0 left on base; So Cal 0 - Irvine 0 |
BOTTOM OF THE 2ND |
Irvine Gang Green batting - Pitching for So Cal Henvy : LHP Stanley Inman
|
Batting: RHB Manny Copriviza
|
0-0: Called Strike 0-1: Fly out, F9 (Flyball, 9D)
|
Batting: LHB Jorge Martínez
|
0-0: SOLO HOME RUN (Flyball, 8RXD), Distance : 453 ft
|
Batting: RHB Raúl Salas
|
0-0: Ball 1-0: Ground out 1-3 (Groundball, 25)
|
Batting: RHB José Salazar
|
0-0: Foul Ball, location: 2F 0-1: Ground out 6-3 (Groundball, 6)
|
Bottom of the 2nd over - 1 run(s), 1 hit(s), 0 error(s), 0 left on base; So Cal 0 - Irvine 1 |
TOP OF THE 3RD |
So Cal Henvy batting - Pitching for Irvine Gang Green : LHP Masutaro Koyama
|
Batting: RHB Gregg Nelson
|
0-0: Swinging Strike 0-1: Fly out, F8 (Flyball, 8LM)
|
Batting: SHB Miguel González
|
0-0: Fly out, F8 (Flyball, 8LS)
|
Batting: RHB Earl Wiggins
|
0-0: SINGLE (Line Drive, 78S)
|
Batting: LHB John Peterson
|
0-0: Ball 1-0: Foul Ball, location: 2F 1-1: Ball 2-1: Ball 3-1: SINGLE (Line Drive, 9S) Earl Wiggins to second Runner from 2nd tries for 3rd, SAFE, throw made to third
|
Batting: RHB Rubén Calderón
|
0-0: Fielders Choice at 2nd, 5-4 (Groundball, 56)
|
Top of the 3rd over - 0 run(s), 2 hit(s), 0 error(s), 1 left on base; So Cal 0 - Irvine 1 |
BOTTOM OF THE 3RD |
Irvine Gang Green batting - Pitching for So Cal Henvy : LHP Stanley Inman
|
Batting: LHB Tom Baker
|
0-0: Ball 1-0: Called Strike 1-1: Fly out, F7 (Flyball, 7LM)
|
Batting: RHB Aaron Wilson
|
0-0: Ball 1-0: Ground out 4-3 (Groundball, 4M)
|
Batting: LHB Jesús Campos
|
0-0: Ground out 1-3 (Groundball, 15)
|
Bottom of the 3rd over - 0 run(s), 0 hit(s), 0 error(s), 0 left on base; So Cal 0 - Irvine 1 |
TOP OF THE 4TH |
So Cal Henvy batting - Pitching for Irvine Gang Green : LHP Masutaro Koyama
|
Batting: LHB José Antonio Santiago
|
0-0: Swinging Strike 0-1: Swinging Strike 0-2: Strikes out swinging
|
Batting: RHB Morgan Gibbon
|
0-0: Ball 1-0: Ball 2-0: Ball 3-0: Called Strike 3-1: Base on Balls
|
Batting: RHB Greg Handrahan
|
0-0: Ball 1-0: Ball 2-0: Foul Ball, location: 2F 2-1: Called Strike 2-2: Foul Ball, location: 2F 2-2: Ball 3-2: Base on Balls Morgan Gibbon to second
|
Batting: RHB Edouard Padovano
|
0-0: Ball 1-0: Foul Ball, location: 2F 1-1: Ball 2-1: Swinging Strike 2-2: Strikes out swinging
|
Batting: RHB Gregg Nelson
|
0-0: Ball 1-0: Swinging Strike 1-1: Foul Ball, location: 2F 1-2: Fly out, F9 (Flyball, 9M)
|
Top of the 4th over - 0 run(s), 0 hit(s), 0 error(s), 2 left on base; So Cal 0 - Irvine 1 |
BOTTOM OF THE 4TH |
Irvine Gang Green batting - Pitching for So Cal Henvy : LHP Stanley Inman
|
Batting: RHB Buck Jones
|
0-0: Ball 1-0: Foul Ball, location: 2F 1-1: Ground out 1-3 (Groundball, 25)
|
Batting: LHB Víctor Quiñones
|
0-0: Ball 1-0: Ball 2-0: Called Strike 2-1: Ball 3-1: Called Strike 3-2: Fly out, F9 (Flyball, 9D)
|
Batting: RHB Manny Copriviza
|
0-0: Ground out 4-3 (Groundball, 4M)
|
Bottom of the 4th over - 0 run(s), 0 hit(s), 0 error(s), 0 left on base; So Cal 0 - Irvine 1 |
TOP OF THE 5TH |
So Cal Henvy batting - Pitching for Irvine Gang Green : LHP Masutaro Koyama
|
Batting: SHB Miguel González
|
0-0: Ball 1-0: Ball 2-0: Foul Ball, location: 2F 2-1: Ball 3-1: Foul Ball, location: 2F 3-2: Ground out 6-3 (Groundball, 6MS)
|
Batting: RHB Earl Wiggins
|
0-0: Ball 1-0: Foul Ball, location: 2F 1-1: Ball 2-1: Foul Ball, location: 2F 2-2: Foul Ball, location: 2F 2-2: Strikes out looking
|
Batting: LHB John Peterson
|
0-0: Ball 1-0: Called Strike 1-1: Fly out, F9 (Flyball, 89M)
|
Top of the 5th over - 0 run(s), 0 hit(s), 0 error(s), 0 left on base; So Cal 0 - Irvine 1 |
BOTTOM OF THE 5TH |
Irvine Gang Green batting - Pitching for So Cal Henvy : LHP Stanley Inman
|
Batting: LHB Jorge Martínez
|
0-0: Swinging Strike 0-1: Ball 1-1: Swinging Strike 1-2: Ball 2-2: Ball 3-2: Foul Ball, location: 2F 3-2: Foul Ball, location: 2F 3-2: Foul Ball, location: 2F 3-2: Ground out 1-3 (Groundball, 23)
|
Batting: RHB Raúl Salas
|
0-0: Called Strike 0-1: Ball 1-1: Swinging Strike 1-2: Ball 2-2: Ball 3-2: Foul Ball, location: 2F 3-2: Strikes out swinging
|
Batting: RHB José Salazar
|
0-0: Called Strike 0-1: Swinging Strike 0-2: Ball 1-2: Ball 2-2: Foul Ball, location: 2F 2-2: Ground out 6-3 (Groundball, 6)
|
Bottom of the 5th over - 0 run(s), 0 hit(s), 0 error(s), 0 left on base; So Cal 0 - Irvine 1 |
TOP OF THE 6TH |
So Cal Henvy batting - Pitching for Irvine Gang Green : LHP Masutaro Koyama
|
Batting: RHB Rubén Calderón
|
0-0: Reached on error, E4 (Groundball, 4)
|
Batting: LHB José Antonio Santiago
|
0-0: Ball 1-0: Foul Ball, location: 2F 1-1: Ball 2-1: Ground out 4-3 (Groundball, 4M) Rubén Calderón to second
|
Batting: RHB Morgan Gibbon
|
0-0: Ground out 2-3 (Groundball, 25) Rubén Calderón to third
|
Batting: RHB Greg Handrahan
|
0-0: Foul Ball, location: 2F 0-1: Ball 1-1: Ball 2-1: Ball 3-1: Foul Ball, location: 2F 3-2: Ground out 5-3 (Groundball, 5L)
|
Top of the 6th over - 0 run(s), 0 hit(s), 1 error(s), 1 left on base; So Cal 0 - Irvine 1 |
BOTTOM OF THE 6TH |
Irvine Gang Green batting - Pitching for So Cal Henvy : LHP Stanley Inman
|
Batting: LHB Tom Baker
|
0-0: Called Strike 0-1: Foul Ball, location: 2F 0-2: Ball 1-2: Ball 2-2: Ball 3-2: Base on Balls
|
Batting: RHB Aaron Wilson
|
0-0: Fly out, F4 (Popup, 3F)
|
Batting: LHB Jesús Campos
|
0-0: Foul Ball, location: 2F 0-1: Ball 1-1: Ball 2-1: Ball 3-1: SINGLE (Groundball, 34D) Tom Baker to second Runner from 2nd tries for 3rd, SAFE, throw made to third Jesús Campos to second
|
Batting: RHB Buck Jones
|
0-0: Intentional Walk
|
Batting: LHB Víctor Quiñones
|
0-0: Called Strike 0-1: Foul Ball, location: 2F 0-2: Ball 1-2: Strikes out looking
|
Batting: RHB Manny Copriviza
|
0-0: Ball 1-0: Foul Ball, location: 2F 1-1: Swinging Strike 1-2: Strikes out swinging
|
Bottom of the 6th over - 0 run(s), 1 hit(s), 0 error(s), 3 left on base; So Cal 0 - Irvine 1 |
TOP OF THE 7TH |
So Cal Henvy batting - Pitching for Irvine Gang Green : LHP Masutaro Koyama
|
Batting: RHB Edouard Padovano
|
0-0: Called Strike 0-1: Swinging Strike 0-2: Ball 1-2: Strikes out swinging
|
Batting: RHB Gregg Nelson
|
0-0: Called Strike 0-1: Ball 1-1: Swinging Strike 1-2: Ball 2-2: Ball 3-2: Base on Balls
|
Batting: SHB Miguel González
|
0-0: Ball 1-0: Ball 2-0: Called Strike 2-1: Ball 3-1: Foul Ball, location: 2F 3-2: Foul Ball, location: 2F 3-2: Base on Balls Gregg Nelson to second
|
Pitching: LHP Yu-shu Kong
|
|
Batting: RHB Earl Wiggins
|
0-0: Ball 1-0: Ball 2-0: Ball 3-0: Called Strike 3-1: Swinging Strike 3-2: DOUBLE (Line Drive, 7LD) Gregg Nelson scores Miguel González to third
|
Batting: LHB John Peterson
|
0-0: Ball 1-0: Foul Ball, location: 2F 1-1: Ball 2-1: Called Strike 2-2: SINGLE (Groundball, 4MD) Miguel González scores Earl Wiggins to third Runner from 3rd tries for Home, SAFE, throw made home John Peterson to second
|
Batting: RHB Rubén Calderón
|
0-0: Ball 1-0: Ball 2-0: Foul Ball, location: 2F 2-1: Ball 3-1: Reached on error, E5 (Groundball, 56) John Peterson scores
|
Batting: LHB José Antonio Santiago
|
0-0: Intentional Walk
|
Batting: RHB Morgan Gibbon
|
0-0: Swinging Strike 0-1: SINGLE (Groundball, 56D) Rubén Calderón to third José Antonio Santiago to second Runner from 3rd tries for Home, SAFE, throw made home
|
Batting: RHB Greg Handrahan
|
0-0: Ball 1-0: Called Strike 1-1: Ball 2-1: Ball 3-1: Base on Balls José Antonio Santiago to third Morgan Gibbon to second
|
Batting: RHB Edouard Padovano
|
0-0: Ball 1-0: Called Strike 1-1: Foul Ball, location: 2F 1-2: Ball 2-2: DOUBLE (Line Drive, 7LS) José Antonio Santiago scores Morgan Gibbon scores Greg Handrahan to third
|
Pitching: RHP Mike Marrero
|
|
Batting: RHB Gregg Nelson
|
0-0: Ball 1-0: Ball 2-0: Ball 3-0: Base on Balls
|
Batting: SHB Miguel González
|
0-0: Called Strike 0-1: Ball 1-1: Ball 2-1: Foul Ball, location: 2F 2-2: Ball 3-2: Foul Ball, location: 2F 3-2: Foul Ball, location: 2F 3-2: SINGLE (Groundball, 34D) (infield hit) Greg Handrahan scores Edouard Padovano to third Gregg Nelson to second
|
Batting: RHB Earl Wiggins
|
0-0: SINGLE (Line Drive, 4MD) Edouard Padovano scores Gregg Nelson to third Miguel González to second
|
Batting: LHB John Peterson
|
0-0: Called Strike 0-1: Ball Wild Pitch! Gregg Nelson scores Miguel González to third Earl Wiggins to second 1-1: Called Strike 1-2: SINGLE (Flyball, 9LS) Miguel González scores Earl Wiggins to third Runner from 3rd tries for Home, SAFE, throw made home John Peterson to second
|
Batting: RHB Rubén Calderón
|
0-0: Ball 1-0: Swinging Strike 1-1: Foul Ball, location: 2F 1-2: Foul Ball, location: 2F 1-2: Ground out 6-3 (Groundball, 6M) John Peterson to third
|
Batting: LHB José Antonio Santiago
|
0-0: Called Strike 0-1: Swinging Strike 0-2: Ground out 6-3 (Groundball, 6M)
|
Top of the 7th over - 12 run(s), 7 hit(s), 1 error(s), 1 left on base; So Cal 12 - Irvine 1 |
BOTTOM OF THE 7TH |
Irvine Gang Green batting - Pitching for So Cal Henvy : LHP Stanley Inman
|
Batting: LHB Jorge Martínez
|
0-0: Ball 1-0: Foul Ball, location: 2F 1-1: Ball 2-1: Foul Ball, location: 2F 2-2: Foul Ball, location: 2F 2-2: Ball 3-2: Foul Ball, location: 2F 3-2: Ground out 4-3 (Groundball, 4MS)
|
Batting: RHB Raúl Salas
|
0-0: Fly out, F9 (Flyball, 9LM)
|
Batting: RHB José Salazar
|
0-0: SINGLE (Groundball, 56D)
|
Batting: LHB Tom Baker
|
0-0: Called Strike 0-1: Ball 1-1: Ball 2-1: Called Strike 2-2: Ball 3-2: Foul Ball, location: 2F 3-2: Fly out, F5 (Popup, 5F)
|
Bottom of the 7th over - 0 run(s), 1 hit(s), 0 error(s), 1 left on base; So Cal 12 - Irvine 1 |
TOP OF THE 8TH |
So Cal Henvy batting - Pitching for Irvine Gang Green : RHP Mike Marrero
|
Batting: RHB Morgan Gibbon
|
0-0: Called Strike 0-1: Foul Ball, location: 2F 0-2: Ball 1-2: Foul Ball, location: 2F 1-2: Fly out, F7 (Line Drive, 78M)
|
Batting: RHB Greg Handrahan
|
0-0: Ball 1-0: Called Strike 1-1: Swinging Strike 1-2: Ball 2-2: Strikes out swinging
|
Batting: RHB Edouard Padovano
|
0-0: Swinging Strike 0-1: Ball 1-1: Swinging Strike 1-2: Strikes out looking
|
Top of the 8th over - 0 run(s), 0 hit(s), 0 error(s), 0 left on base; So Cal 12 - Irvine 1 |
BOTTOM OF THE 8TH |
Irvine Gang Green batting - Pitching for So Cal Henvy : LHP Stanley Inman
|
Batting: RHB Aaron Wilson
|
0-0: Ball 1-0: Ball 2-0: Swinging Strike 2-1: Foul Ball, location: 2F 2-2: Ground out 5-3 (Groundball, 56)
|
Batting: LHB Jesús Campos
|
0-0: Swinging Strike 0-1: Ball 1-1: Fly out, F8 (Flyball, 8LD)
|
Batting: RHB Buck Jones
|
0-0: Called Strike 0-1: Ball 1-1: TRIPLE (Flyball, 8LXD)
|
Batting: LHB Víctor Quiñones
|
0-0: Swinging Strike 0-1: Ball 1-1: Ball 2-1: Ground out 4-3 (Groundball, 34)
|
Bottom of the 8th over - 0 run(s), 1 hit(s), 0 error(s), 1 left on base; So Cal 12 - Irvine 1 |
TOP OF THE 9TH |
So Cal Henvy batting - Pitching for Irvine Gang Green : RHP Mike Marrero
|
Batting: RHB Gregg Nelson
|
0-0: Ball 1-0: Swinging Strike 1-1: Foul Ball, location: 2F 1-2: Ball 2-2: Foul Ball, location: 2F 2-2: Foul Ball, location: 2F 2-2: Foul Ball, location: 2F 2-2: Strikes out swinging
|
Batting: SHB Miguel González
|
0-0: Ground out 4-3 (Groundball, 4)
|
Batting: RHB Earl Wiggins
|
0-0: Ball 1-0: Ball 2-0: Ball 3-0: Called Strike 3-1: Base on Balls
|
Batting: LHB John Peterson
|
0-0: Called Strike 0-1: Ball 1-1: Ball 2-1: Ground out 4-3 (Groundball, 4)
|
Top of the 9th over - 0 run(s), 0 hit(s), 0 error(s), 1 left on base; So Cal 12 - Irvine 1 |
BOTTOM OF THE 9TH |
Irvine Gang Green batting - Pitching for So Cal Henvy : LHP Stanley Inman
|
Batting: RHB Manny Copriviza
|
0-0: Swinging Strike 0-1: DOUBLE (Line Drive, 78D)
|
Batting: LHB Jorge Martínez
|
0-0: Ball 1-0: Ball 2-0: Called Strike 2-1: Foul Ball, location: 2F 2-2: Reached on error, E3 (Groundball, 34) Manny Copriviza to third
|
Pitching: RHP Jerry Good
|
|
Pinch Hitting: RHB Eichiro Yamamoto
|
0-0: Ball 1-0: Ball 2-0: Ball 3-0: Base on Balls Jorge Martínez to second
|
Batting: RHB José Salazar
|
0-0: Ball 1-0: Foul Ball, location: 2F 1-1: Swinging Strike 1-2: Ball 2-2: Ball 3-2: Base on Balls Manny Copriviza scores Jorge Martínez to third Eichiro Yamamoto to second
|
Batting: LHB Tom Baker
|
0-0: Called Strike 0-1: Ball 1-1: Ball 2-1: Swinging Strike 2-2: Fly out, F8 (Flyball, 8LM)
|
Batting: RHB Aaron Wilson
|
0-0: Called Strike 0-1: Swinging Strike 0-2: Fielders Choice at 2nd, 5-4 (Groundball, 56) Jorge Martínez scores Eichiro Yamamoto to third
|
Batting: LHB Jesús Campos
|
0-0: DOUBLE (Flyball, 8RXD) Eichiro Yamamoto scores Aaron Wilson to third Runner from 3rd tries for Home, SAFE, no throw or cutoff
|
Batting: RHB Buck Jones
|
0-0: Swinging Strike 0-1: Ball 1-1: Fly out, F8 (Flyball, 8LM)
|
Bottom of the 9th over - 4 run(s), 2 hit(s), 1 error(s), 1 left on base; So Cal 12 - Irvine 5 |
|